 Dungeon Crawl Stone Soup version 0.26.1-11-gd32895ea62 (webtiles) character file.

Game seed: 10014130564034973056

47849 Zeld the Geomancer (level 14, -4/88 HPs)
             Began as a Gargoyle Earth Elementalist on June 12, 2021.
             Was an Initiate of Sif Muna.
             Slain by a wolf spider simulacrum (27 damage)
             ... on level 14 of the Dungeon.
             The game lasted 00:46:25 (32547 turns).

Zeld the Geomancer (Gargoyle Earth Elementalist)   Turns: 32547, Time: 00:46:25

Health: -4/88      AC: 16    Str: 14    XL:     14   Next: 43%
Magic:  8/38       EV: 16    Int: 19    God:    Sif Muna [......]
Gold:   1276       SH:  5    Dex: 10    Spells: 20/35 levels left

rFire    . . .     SeeInvis .   a - staff of earth
rCold    . . .     Faith    .   (no shield)
rNeg     + . .     Spirit   .   c - +0 robe
rPois    ∞         Reflect  +   j - +0 hat
rElec    +         Harm     .   (no cloak)
rCorr    .         Rampage  .   d - +2 pair of gloves
Will     +....                  m - +0 pair of boots
Stlth    +++.......             B - amulet of reflection
HPRegen  0.24/turn              H - ring of wizardry
MPRegen  0.26/turn              t - ring of magical power

@: about to teleport
A: big wings, negative energy resistance 1, electricity resistance, unbreathing,
petrification resistance, miasma immunity, AC +10
a: Fly, Renounce Religion


You were on level 14 of the Dungeon.
You worshipped Sif Muna.
Sif Muna was noncommittal.
You visited 2 branches of the dungeon, and saw 15 of its levels.
You also visited: Trove, Sewer and Ice Cave.

You collected 1276 gold pieces.

Inventory:

Missiles
 A - 256 stones (quivered)
Armour
 c - a +0 robe (worn)
 d - a +2 pair of gloves (worn)
 j - a +0 hat (worn)
 m - a +0 pair of boots (worn)
Magical Staves
 a - an uncursed staff of earth (weapon)
Jewellery
 t - a ring of magical power (right hand)
 B - an amulet of reflection (around neck)
 D - an uncursed ring of protection from cold
 H - a ring of wizardry (left hand)
Wands
 h - a wand of disintegration (21)
 k - a wand of digging (1)
 q - a wand of polymorph (8)
 r - a wand of acid (7)
 w - a wand of paralysis (15)
 y - a wand of iceblast (19)
 K - a wand of flame (32)
Scrolls
 e - 6 scrolls of remove curse
 l - a scroll of teleportation
 v - 5 scrolls of enchant weapon
 C - 3 scrolls of magic mapping
Potions
 b - a potion of flight {unknown}
 f - 2 potions of heal wounds
 g - 6 potions of haste
 i - 5 potions of might
 n - a potion of ambrosia {unknown}
 p - 6 potions of curing
 s - 3 potions of berserk rage {unknown}
 u - 4 potions of brilliance {unknown}
 x - 2 potions of degeneration {unknown}
 z - a potion of cancellation {unknown}
 E - 2 potions of resistance {unknown}
 L - a potion of invisibility {unknown}
Miscellaneous
 F - a phantom mirror


   Skills:
 + Level 10.7 Fighting
 + Level 8.6 Dodging
 - Level 5.0 Stealth
 * Level 11.3 Spellcasting
 - Level 10.0 Conjurations
 - Level 1.0 Transmutations
 * Level 14.5 Earth Magic
 + Level 6.1 Invocations


You had 20 spell levels left.
You knew the following spells:

 Your Spells              Type           Power        Failure   Level
a - Sandblast             Erth           100%         0%          1
b - Passwall              Tmut/Erth      47%          1%          2
c - Stone Arrow           Conj/Erth      100%         1%          3
d - Petrify               Tmut/Erth      57%          1%          4
e - Lee's Rapid Deconstr  Erth           39%          1%          5

Your spell library contained the following spells:

 Spells                   Type           Power        Failure   Level
 Mephitic Cloud           Conj/Pois/Air  23%          1%          3
 Leda's Liquefaction      Hex/Erth       27%          1%          4
 Freeze                   Ice            40%          2%          1
 Hailstorm                Conj/Ice       29%          3%          4
 Poisonous Vapours        Pois/Air       20%          4%          2
 Ignite Poison            Fire/Tmut/Pois 12%          7%          3
 Confusing Touch          Hex            10%          8%          3
 Frozen Ramparts          Ice            20%          8%          3
 Ozocubu's Armour         Ice            10%          8%          3
 Portal Projectile        Hex/Tloc       20%          8%          3
 Summon Guardian Golem    Hex/Summ       10%          8%          3
 Fireball                 Conj/Fire      14%          9%          5
 Lightning Bolt           Conj/Air       14%          9%          5
 Cause Fear               Hex            5%           26%         4
 Summon Ice Beast         Ice/Summ       10%          26%         4
 Summon Lightning Spire   Summ/Air       10%          26%         4
 Yara's Violent Unravell  Hex/Tmut       6%           47%         5
 Silence                  Hex/Air        5%           54%         5
 Summon Demon             Summ           5%           54%         5
 Eringya's Noxious Bog    Tmut/Pois      6%           95%         6
 Summon Hydra             Summ           5%           100%        7
 Discord                  Hex            5%           100%        8


Dungeon Overview and Level Annotations

Branches:
Dungeon (14/15)            Temple (1/1) D:6            Lair (0/6) D:8
    Orc (0/2) D:10         Vaults (0/5) D:13          Sewer (visited)
  IceCv (visited)

Altars:
Ashenzari
Cheibriados
Dithmenos
Elyvilon
Fedhas
Gozag
Hepliaklqana
Kikubaaqudgha
Makhleb
Nemelex Xobeh
Okawaru
Qazlal
Ru
Sif Muna
Trog
Uskayaw
Vehumet
Wu Jian
Xom
Yredelemnul
Zin
The Shining One

Shops:
D:5 (   D:10 [   D:14 =


Innate Abilities, Weirdness & Mutations

You are resistant to torment.
Your stone body is resilient. (AC +10)
You are immune to poison.
Your large and strong wings let you fly indefinitely.
You resist negative energy. (rN+)
You are resistant to electric shocks. (rElec)
You can survive without breathing.
You are immune to petrification.
You are immune to miasma.


Message History

A wraith comes into view.
A wolf spider simulacrum comes into view.
You hear an angry buzzing noise.
A centaur warrior simulacrum comes into view.
The queen bee changes into an eye of draining!
Found 30 arrows.
You hear an angry buzzing noise. x4
You hear an angry buzzing noise. x2
The eye of draining gazes at you.
You feel your power leaking away.
You hear an angry buzzing noise.
The wolf spider simulacrum hits you. The wolf spider simulacrum freezes you!
* * * LOW HITPOINT WARNING * * *
The wolf spider simulacrum bites you but does no damage.
You hear an angry buzzing noise.
As you read the scroll of teleportation, it crumbles to dust.
You feel strangely unstable. The wolf spider simulacrum hits you.
* * * LOW HITPOINT WARNING * * *
The wolf spider simulacrum freezes you!!
You die...

.# #....## .## #.....#
#.. ..# ###..#..# #.. ..#
###.......# ##..
..###.........####..#
.......#(......#....#
.....#..(...##....(.# ..
y.........####......##
... .yy...(..##
#..@Z...## #...
.y.(.(<..##
#..###....##>..Z
..........# #.
##......... ...........#.
##....### .>.........# #+
##....# .............
##∩##.....#
..............####......#
..............#.........#
.....)...............G..#


You could see a wolf spider simulacrum.

Vanquished Creatures
  A tengu reaver (D:11)
  A frost giant (IceCv)
  Nessos (D:14)
  A spark wasp (shapeshifter) (D:13)
  An ettin (D:11)
  A yaktaur captain (D:11)
  4 vault guards
  2 hydras (D:13)
  2 catoblepae
  3 centaur warriors
  8 two-headed ogres
  A tengu warrior (D:13)
  A deep troll (D:11)
  2 cyclopes (D:13)
  3 ugly things
  2 manticores (D:13)
  An ice statue (IceCv)
  Psyche (D:8)
  A gargoyle (D:14)
  2 centaur skeletons
  A kobold demonologist (D:14)
  3 meliai
  3 trolls
  2 hornets
  17 polar bears (IceCv)
  Grinder (D:3)
  A dream sheep (shapeshifter) (D:10)
  4 slime creatures (D:13)
  Sigmund (D:6)
  2 shadows
  4 wyverns
  A vampire (D:13)
  41 yaks
  A basilisk (D:8)
  4 water moccasins (D:8)
  7 black bears
  6 ice beasts
  9 orc warriors
  3 sky beasts
  A phantom (D:13)
  6 ogres
  3 necrophages
  14 wolves (IceCv)
  2 centaurs
  8 big kobolds
  13 bullfrogs
  A wyvern zombie (D:8)
  A wyvern skeleton (D:13)
  22 killer bees
  3 scorpions
  16 wights
  3 howler monkeys
  A vampire bat (D:3)
  2 centaur zombies
  A bullfrog zombie (D:12)
  A quasit (D:11)
  A lava snake (D:12)
  3 jellies
  4 orc priests
  8 hounds
  7 bullfrog skeletons
  6 iguanas
  14 orc wizards
  13 worker ants
  A hound zombie (D:10)
  2 worker ant zombies (D:9)
  A howler monkey zombie (D:9)
  23 adders
  8 gnolls
  2 river rats (Sewer)
  4 white imps
  2 ufetubi
  6 oozes
  An adder zombie (D:8)
  3 adder skeletons
  6 worms
  9 leopard geckos
  40 orcs
  2 ball pythons (Sewer)
  14 bats
  10 giant cockroaches
  7 goblins
  8 hobgoblins
  4 jackals
  A quokka (D:8)
  7 frilled lizards
  22 kobolds
  2 leopard gecko zombies
  2 quokka zombies
  10 rats
501 creatures vanquished.

Vanquished Creatures (collateral kills)
  3 killer bees (D:13)
3 creatures vanquished.

Vanquished Creatures (others)
  A polar bear (IceCv)
  3 yaks (IceCv)
  A wolf (IceCv)
  4 fungi (D:8)
  24 plants
33 creatures vanquished.

Grand Total: 537 creatures vanquished

Notes
Turn   | Place    | Note
-------+----------+-------------------------------------------
     0 | D:1      | Zeld the Gargoyle Earth Elementalist began the quest for
                  | the Orb.
     0 | D:1      | Reached XP level 1. HP: 10/10 MP: 3/3
   455 | D:1      | Reached XP level 2. HP: 8/15 MP: 0/5
   459 | D:1      | Learned a level 2 spell: Passwall
   511 | D:1      | Reached skill level 1 in Transmutations
  1377 | D:2      | Reached skill level 1 in Fighting
  1377 | D:2      | Reached skill level 4 in Earth Magic
  1377 | D:2      | Reached XP level 3. HP: 20/20 MP: 4/6
  1381 | D:2      | Learned a level 3 spell: Stone Arrow
  1874 | D:2      | Reached XP level 4. HP: 25/25 MP: 3/7
  2402 | D:2      | Reached skill level 1 in Conjurations
  2489 | D:3      | Noticed Grinder
  2501 | D:3      | Paralysed by Grinder for 3 turns
  2506 | D:3      | Paralysed by Grinder for 3 turns
  2509 | D:3      | Killed Grinder
  2510 | D:3      | Reached XP level 5. HP: 15/31 MP: 0/9
  2510 | D:3      | Reached XP level 6. HP: 17/36 MP: 0/10
  2515 | D:3      | Learned a level 4 spell: Petrify
  2766 | D:3      | Found a hazy altar of Hepliaklqana.
  2781 | D:3      | Found a white marble altar of Elyvilon.
  2796 | D:3      | Found a hide-covered altar of Uskayaw.
  3162 | D:3      | Reached skill level 5 in Earth Magic
  3485 | D:3      | Found an iron altar of Okawaru.
  3684 | D:4      | Found a sparkling altar of Nemelex Xobeh.
  3690 | D:4      | Reached XP level 7. HP: 40/40 MP: 7/11
  4554 | D:5      | Entered Level 5 of the Dungeon
  5278 | D:5      | Found Maib's Weapon Emporium.
  5285 | D:5      | Reached XP level 8. HP: 43/47 MP: 8/13
  5939 | D:6      | Reached skill level 5 in Stealth
  5942 | D:6      | Reached skill level 6 in Earth Magic
  5984 | D:6      | Found a staircase to the Ecumenical Temple.
  5993 | Temple   | Entered the Ecumenical Temple
  6026 | Temple   | Became a worshipper of Sif Muna the Loreminder
  6088 | D:6      | Found a glowing drain.
  6098 | D:6      | Found a blossoming altar of Fedhas.
  6362 | Sewer    | Entered a sewer
  6904 | Sewer    | Reached XP level 9. HP: 53/53 MP: 15/15
  6910 | Sewer    | Learned a level 5 spell: Lee's Rapid Deconstruction
  7014 | Sewer    | Reached * piety under Sif Muna
  7367 | D:6      | Reached skill level 5 in Fighting
  7833 | D:6      | Noticed Sigmund
  7993 | D:6      | Killed Sigmund
  7994 | D:6      | Reached skill level 5 in Conjurations
  7994 | D:6      | Reached skill level 7 in Earth Magic
  8235 | D:6      | Reached skill level 5 in Spellcasting
  9190 | D:7      | Reached ** piety under Sif Muna
  9334 | D:7      | Found a sacrificial altar of Ru.
  9341 | D:7      | Found a glowing golden altar of the Shining One.
 10091 | D:7      | Reached skill level 5 in Dodging
 10506 | D:8      | Found a burning altar of Makhleb.
 10516 | D:8      | Found a glowing silver altar of Zin.
 10516 | D:8      | Noticed an angel
 10516 | D:8      | Noticed a balrug
 10693 | D:8      | Reached skill level 8 in Earth Magic
 10693 | D:8      | Reached XP level 10. HP: 53/60 MP: 17/18
 10694 | D:8      | Found a staircase to the Lair.
 11338 | D:8      | Noticed Psyche
 11342 | D:8      | Killed Psyche
 12128 | D:8      | Reached skill level 9 in Earth Magic
 12485 | D:8      | Noticed a two-headed ogre
 12491 | D:8      | Killed a two-headed ogre
 12730 | D:9      | Reached *** piety under Sif Muna
 12957 | D:9      | Reached XP level 11. HP: 67/67 MP: 15/21
 13054 | D:9      | Noticed a centaur warrior
 13060 | D:9      | Killed a centaur warrior
 13395 | D:9      | Reached skill level 10 in Earth Magic
 14609 | D:10     | Entered Level 10 of the Dungeon
 14609 | D:10     | Noticed a two-headed ogre
 14616 | D:10     | Found Ryuso's Antique Armour Boutique.
 14619 | D:10     | Killed a two-headed ogre
 15678 | D:10     | Identified the +3 long sword of Cisiud {vorpal, Str+2}
 15678 | D:10     | Identified the +7 chain mail "Wuxkog" {rPois rC+}
 15994 | D:10     | Identified the Compendium of the Dusty Arsonist
 16049 | D:10     | Found a staircase to the Orcish Mines.
 16057 | D:10     | Reached **** piety under Sif Muna
 16270 | D:10     | Identified Velelar's Catalogue of Flying Beguiling
 16587 | D:11     | Found a frozen archway.
 16654 | D:11     | Reached skill level 11 in Earth Magic
 16810 | IceCv    | Entered an ice cave
 18149 | IceCv    | Reached XP level 12. HP: 75/75 MP: 17/24
 19149 | IceCv    | Reached skill level 1 in Invocations
 19653 | IceCv    | Reached skill level 12 in Earth Magic
 20066 | IceCv    | Noticed a frost giant
 20265 | IceCv    | Killed a frost giant
 21786 | IceCv    | Glimpsed the power of Zot.
 22200 | D:11     | Noticed a two-headed ogre
 22200 | D:11     | Noticed a tengu reaver
 22203 | D:11     | Killed a two-headed ogre
 22204 | D:11     | Reached XP level 13. HP: 80/80 MP: 21/26
 22204 | D:11     | Killed a tengu reaver
 22432 | D:11     | Reached ***** piety under Sif Muna
 22433 | D:11     | Identified Sif Muna's Collected Works on Changing and the
                  | Escort (Sif Muna gifted it to you on level 11 of the
                  | Dungeon)
 22433 | D:11     | Received a gift from Sif Muna
 22608 | D:11     | Reached skill level 10 in Spellcasting
 22813 | D:11     | Noticed an ettin
 22938 | D:11     | Noticed a yaktaur captain
 22955 | D:11     | Killed a yaktaur captain
 22956 | D:11     | Reached skill level 13 in Earth Magic
 23668 | D:11     | Identified the +5 trident "Rusai" {vorpal, *Slow rN+ Int+3}
 24194 | D:11     | Killed an ettin
 25340 | D:12     | Reached skill level 10 in Fighting
 26205 | D:13     | Found a gate to the Vaults.
 26205 | D:13     | Noticed a vault guard
 26205 | D:13     | Noticed a vault guard
 26205 | D:13     | Noticed a vault guard
 26205 | D:13     | Noticed a vault guard
 26240 | D:12     | Killed a vault guard
 26241 | D:12     | Reached skill level 10 in Conjurations
 26365 | D:12     | Killed a vault guard
 26547 | D:13     | Killed a vault guard
 26548 | D:13     | Reached skill level 5 in Invocations
 26770 | D:13     | Killed a vault guard
 26800 | D:13     | Gained mutation: Your large and strong wings let you fly
                  | indefinitely. [Gargoyle growth]
 26800 | D:13     | Reached XP level 14. HP: 48/88 MP: 9/28
 27325 | D:13     | Reached skill level 14 in Earth Magic
 27493 | D:13     | Found a portal to a secret trove of treasure.
 27560 | Trove    | Entered a treasure trove
 27569 | Trove    | Got a brightly glowing bone ring
 27583 | Trove    | Got a wavering iron ring
 27613 | Trove    | Got a pair of bloodstained boots
 27649 | D:13     | Identified the ring "Raleudoy" {*Slow rElec rF- Will++
                  | rCorr} (You found it in a treasure trove)
 27655 | D:13     | Identified the ring of Ineempom {rElec rPois rF- rN++ Dex+6
                  | SInv} (You found it in a treasure trove)
 27945 | D:13     | Identified the +2 pair of boots of Tifu {*Corrode rC++ rN+
                  | Int-4} (You found it in a treasure trove)
 30954 | D:14     | Noticed Nessos
 31450 | D:14     | Killed Nessos
 32537 | D:14     | Found Nybulu's Jewellery Boutique.
 32547 | D:14     | Slain by a wolf spider simulacrum

Illustrated notes

Levels and vault maps discovered:
D:1:      minmay_arrival_stair_chambers, layout_loops_ring
D:2:      layout_loops_corners
D:3:      layout_rooms, nicolae_overflow_quartered_altars, roderic_batcave,
          serial_bayou_lake_a, uniq_grinder
D:4:      layout_cave_pools, nemelex_xobeh_ov_fountains_minmay
D:5:      layout_basic, serial_shops, shop, cheibrodos_gnoll_hut
D:6:      layout_loops_ring, kennysheep_mini,
          minmay_temple_entry_drinking_statues, gup_sewer_entry_glass,
          minmay_pentangle, uniq_sigmund
D:7:      layout_loops_cross, minitemple, grunt_ogre_cave
D:8:      layout_gridville, grunt_temple_overflow_order_and_chaos_2,
          minmay_lair_entry_grove, uniq_psyche
D:9:      layout_grid_maze
D:10:     layout_basic, orc_0_dummy, serial_shops, nicolae_shop_statue_plus,
          minmay_pinched_square
D:11:     minmay_chopped_fan, layout_basic, portal_ice_cave_entry_pillars_1
D:12:     layout_basic
D:13:     layout_grid_maze, lightli_vaults_fourway_checkpoint, enter_trove_0
D:14:     layout_layer_cave, minmay_misc_feat_alley, serial_shops,
          nicolae_shop_window_shopping, special_room [special_room_bee],
          serial_ice, serial_ice_d, serial_ice_g, serial_ice_h, serial_ice_e,
          uniq_nessos, uniq_jorgrun, uniq_roxanne
Temple:   minmay_temple_bridge_abc

Skill      XL: |  1  2  3  4  5  6  7  8  9 10 11 12 13 14 |
---------------+-------------------------------------------+-----
Transmutations | 1 |  1.0
Fighting       | 1 2 3 4 6 7 8 9 10 | 10.7
Earth Magic    | 4 5 6 8 9 11 12 13 14 | 14.5
Dodging        | 2 3 4 5 6 7 8 |  8.6
Conjurations   | 2 3 4 6 7 8 9 10 | 10.0
Stealth        | 3 4 5 |  5.0
Spellcasting   | 3 4 5 6 8 9 10 11 | 11.3
Invocations    | 3 5 6 |  6.1

Action                   |  1- 3 |  4- 6 |  7- 9 | 10-12 | 13-15 || total
-------------------------+-------+-------+-------+-------+-------++-------
Melee: Unarmed           |    21 |   133 |    54 |     1 |       ||   209
       Staff             |       |       |       |   145 |    40 ||   185
 Cast: Sandblast         |    48 |    56 |   196 |    34 |    10 ||   344
       Stone Arrow       |       |       |   101 |   348 |   270 ||   719
       Lee's Rapid Decon |       |       |       |    24 |    38 ||    62
       Passwall          |       |       |       |     4 |     1 ||     5
       Petrify           |       |       |       |     1 |     1 ||     2
Evoke: Wand              |       |       |     1 |    15 |     2 ||    18
  Use: Scroll            |       |       |    17 |    11 |     9 ||    37
Armor: Robe              |    19 |   162 |   100 |   198 |   135 ||   614
Dodge: Dodged            |    28 |   231 |   200 |   416 |   258 ||  1133
Block: Other             |       |       |       |   104 |    97 ||   201
       Reflection        |       |       |       |     1 |     7 ||     8
